 Dungeon Crawl Stone Soup version 0.28-a0-1038-g9c4cb8273d (webtiles) character file.

Game seed: 4133122104290423076

1907 bande the Chopper (level 9, 0/55 HPs)
             Began as a Gargoyle Fighter on Dec 8, 2021.
             Slain by Maggie (5 damage)
             ... on level 6 of the Dungeon.
             The game lasted 00:10:32 (6916 turns).

bande the Chopper (Gargoyle Fighter)                Turns: 6916, Time: 00:10:33

Health: 0/55       AC: 18    Str: 20    XL:     9   Next: 16%
Magic:  9/9        EV:  7    Int:  9    God:
Gold:   434        SH:  5    Dex: 13    Spells: 8/8 levels left

rFire   . . .      SeeInvis .   p - +1 war axe (venom)
rCold   . . .      Faith    .   c - +0 buckler
rNeg    + . .      Spirit   .   n - +0 chain mail
rPois   ∞          Reflect  .   (no helmet)
rElec   +          Harm     .   q - +0 cloak
rCorr   .          Rampage  .   (no gloves)
Will    .....                   (no boots)
Stlth   ..........              (no amulet)
HPRegen 0.18/turn               (no ring)
MPRegen 0.11/turn               (no ring)

@: mesmerised
A: sickness immunity, AC +6, negative energy resistance 1, electricity
resistance, torment resistance 1, petrification resistance
a: no special abilities


You were on level 6 of the Dungeon.
You visited 1 branch of the dungeon, and saw 6 of its levels.
You also visited: Sewer.

You collected 434 gold pieces.

Inventory:

Hand Weapons
 a - a +0 war axe
 p - a +1 war axe of venom (weapon)
 r - a +0 flail
Armour
 c - a +0 buckler (worn)
 n - a +0 chain mail (worn)
 q - a +0 cloak (worn)
Jewellery
 e - a ring of resist corrosion
 j - a ring of fire
Scrolls
 b - a scroll of vulnerability {unknown}
 f - 2 scrolls of identify
 k - a scroll of enchant weapon
 l - a scroll of amnesia {unknown}
 s - a scroll of summoning
 v - a scroll of fear {unknown}
Potions
 d - 2 potions of might
 g - a potion of resistance
 h - 3 potions of haste
 i - a potion of berserk rage
 m - a potion of heal wounds
 o - 2 potions of cancellation
 t - a potion of flight {unknown}
 u - 2 potions of brilliance {unknown}


   Skills:
 + Level 6.0 Fighting
 + Level 7.7 Axes
 + Level 7.0 Armour
 + Level 5.2 Shields


You had 8 spell levels left.
You didn't know any spells.
Your spell library contained the following spells:

 Spells                   Type           Power      Damage    Failure   Level
 Conjure Flame            Conj/Fire      0%         6-21      100%        3
 Ignite Poison            Fire/Tmut/Pois 0%         N/A       100%        3
 Sticky Flame             Conj/Fire      0%         2d3       100%        4


Dungeon Overview and Level Annotations

Branches:
Dungeon (6/15)              Sewer (visited)
 Temple: D:4-7

Altars:
Trog

Shops:
D:5 *

Annotations:
D:6 Maggie


Innate Abilities, Weirdness & Mutations

You are immune to sickness and miasma.
Your stone body is resilient. (AC +6)
You are immune to poison.
You resist negative energy. (rN+)
You are resistant to electric shocks. (rElec)
You are resistant to unholy torment.
You are immune to petrification.


Message History

You hit Maggie.
Maggie is moderately wounded.
You closely miss the adder. The adder closely misses you.
Maggie gestures wildly while chanting.
Maggie attempts to bespell you!
You easily resist.
The adder bites you.
You hit Maggie.
Maggie looks as sick as possible!
Maggie is moderately wounded.
You closely miss the adder. The adder closely misses you.
Maggie hits you but does no damage.
You hit Maggie.
Maggie is moderately wounded.
You slash the adder! You block the adder's attack.
Maggie hits you but does no damage. The adder bites you but does no damage.
You slash Maggie!
Maggie looks as sick as possible!
Maggie is heavily wounded.
You barely miss the adder.
Maggie mumbles the words to a spell, but in the wrong order.
Maggie gestures at you while chanting.
The bolt of fire hits you but does no damage.
The adder bites you but does no damage.
You closely miss Maggie.
Maggie is severely wounded.
You slash the adder!
You kill the adder!
Maggie gestures wildly while chanting.
Maggie attempts to bespell you!
You are mesmerised by Maggie!
You barely miss Maggie.
Maggie is severely wounded.
You block Maggie's attack.
You barely miss Maggie.
Maggie is severely wounded.
Maggie casts a spell at you. The bolt of fire hits you!!
* * * LOW HITPOINT WARNING * * *
Maggie barely misses you.
You hit Maggie.
Maggie is almost dead.
Maggie hits you with a +0 morningstar.
You die...

#............# .
#............# .#
#............# .#
##..........###..#
##...#....##....#
##....##....#
#.##.....###
#..#.###.#
.......@@#
...............$
....###.#.#######
.# #.#.. #.#...
#.####. #. #. #.
.#


You could see Maggie (mesmerising, very poisoned).

Vanquished Creatures
  Duvessa (D:4)
  Pargi (Sewer)
  2 sky beasts
  A necrophage (D:6)
  4 ogres
  A centaur (D:5)
  5 scorpions
  Dowan (D:4)
  The ghost of gimp the Digger, a weakling DgEE (D:3)
  A bullfrog zombie (D:5)
  5 hounds
  An orc priest (D:3)
  Jessica (D:3)
  4 iguanas
  An orc wizard (D:4)
  A hound zombie (D:5)
  A hound skeleton (D:4)
  3 gnolls (D:3)
  10 adders
  2 river rats (D:3)
  An adder skeleton (D:4)
  5 dart slugs
  12 orcs
  2 bats
  7 endoplasms
  4 giant cockroaches
  4 goblins
  7 hobgoblins
  21 jackals
  3 quokkas
  4 ball pythons
  4 frilled lizards
  7 kobolds
  7 rats
135 creatures vanquished.

Vanquished Creatures (collateral kills)
  A hobgoblin (D:3)
1 creature vanquished.

Vanquished Creatures (others)
  4 toadstools (D:3)
4 creatures vanquished.

Grand Total: 140 creatures vanquished

Notes
Turn   | Place    | Note
-------+----------+-------------------------------------------
     0 | D:1      | bande the Gargoyle Fighter began the quest for the Orb.
     0 | D:1      | Reached XP level 1. HP: 14/14 MP: 1/1
   358 | D:1      | Reached XP level 2. HP: 19/19 MP: 2/2
  1538 | D:2      | Reached XP level 3. HP: 24/24 MP: 3/3
  1723 | D:2      | Found a bloodstained altar of Trog.
  1888 | D:2      | Reached XP level 4. HP: 25/29 MP: 4/4
  2251 | D:3      | Noticed Jessica
  2254 | D:3      | Killed Jessica
  2331 | D:3      | Reached XP level 5. HP: 30/33 MP: 5/5
  2352 | D:3      | Found a glowing drain.
  2372 | Sewer    | Entered a sewer
  2614 | Sewer    | Noticed Pargi
  2628 | Sewer    | Killed Pargi
  2629 | Sewer    | Reached XP level 6. HP: 22/38 MP: 6/6
  3107 | D:3      | Noticed gimp's ghost (weakling DgEE)
  3117 | D:3      | Found a runed translucent door.
  3334 | D:3      | Killed gimp's ghost
  3945 | D:3      | Reached XP level 7. HP: 44/44 MP: 7/7
  4259 | D:4      | Reached skill level 5 in Armour
  4275 | D:4      | Reached skill level 5 in Axes
  4793 | D:4      | Noticed Dowan
  4794 | D:4      | Noticed Duvessa
  4805 | D:4      | Killed Dowan
  4810 | D:4      | Killed Duvessa
  5202 | D:4      | Reached XP level 8. HP: 46/48 MP: 8/8
  5204 | D:4      | Reached skill level 5 in Fighting
  5425 | D:5      | Entered Level 5 of the Dungeon
  5595 | D:5      | Found Cineme's Elemental Accessories.
  5599 | D:5      | Reached skill level 5 in Shields
  6732 | D:6      | Reached XP level 9. HP: 50/55 MP: 9/9
  6903 | D:6      | Noticed Maggie
  6916 | D:6      | Slain by Maggie

Illustrated notes

Levels and vault maps discovered:
D:1:      dpeg_arrival_chambers_temple_mockup, layout_loops_cross,
          serial_co_window_serial, co_window_paths_a, co_window_paths_a,
          co_window_corner_a, co_window_corner_a, co_window_corner_a,
          co_window_corner_cb, co_window_corner_ca, co_window_2corner,
          co_window_corner_cb, co_window_broadway_b, glass_columns_a,
          glass_columns_b, glass_columns_b
D:2:      layout_rooms, basic_altar, chequers_serial_rivers_room_a,
          minmay_box_of_dots
D:3:      layout_basic, hellmonk_ghost_happy_afterlife, gup_sewer_entry_bubbles,
          minmay_gold_behind_fungi, uniq_jessica
D:4:      layout_rooms, hex_intersection, fountainhead, st_stairs_1,
          uniq_duvessa
D:5:      layout_loops_cross, st_stairs_11, nicolae_elemental_shop
D:6:      layout_rooms, minmay_temple_entry_junction, uniq_sigmund, uniq_maggie,
          uniq_crazy_yiuf_cottage

Skill      XL: |  1  2  3  4  5  6  7  8  9 |
---------------+----------------------------+-----
Axes           | 2 3 4 5 7 |  7.7
Armour         | 4 5 6 7 |  7.0
Fighting       | 4 5 6 |  6.0
Shields        | 4 5 |  5.2

Action                   |  1- 3 |  4- 6 |  7- 9 || total
-------------------------+-------+-------+-------++-------
Melee: War axe           |    91 |   143 |   197 ||   431
  Use: Scroll            |     1 |     4 |     5 ||    10
Armor: Scale mail        |    41 |   109 |    45 ||   195
       Chain mail        |       |       |    93 ||    93
Dodge: Dodged            |    56 |    80 |    78 ||   214
Block: Buckler           |    17 |    37 |    55 ||   109

Table legend: (Time is in decaauts)
 A = Elapsed time spent in this place.
 B = Non-inter-level travel time spent in this place.
 C = Inter-level travel time spent in this place.
 D = Time resting spent in this place.
 E = Time spent auto-exploring this place.
 F = Levels seen in this place.
 G = Mean time per level.
                   A        B        C        D        E       F      G
               +--------+--------+--------+--------+--------+-----+--------+
         Total |   7076 |   7044 |     32 |   2036 |   3631 |   7 | 1010.9 |
       Dungeon |   6656 |   6624 |     32 |   1929 |   3388 |   6 | 1109.3 |
         Sewer |    420 |    420 |      0 |    107 |    243 |   1 |  420.0 |
               +--------+--------+--------+--------+--------+-----+--------+

Top non-repeatable levels by time:
     D:3: 1677 daAuts
     D:1: 1404 daAuts
     D:5: 1277 daAuts
     D:4: 1242 daAuts
     D:2: 857 daAuts
   Sewer: 420 daAuts
     D:6: 197 daAuts
